AoeStats
← tony le gros rou

Arabia

507572720Analyzed
4v4 RM · 13d ago on Sep 18, 2026· 27m 32s· 8 players
Game mode
Random Map
Map size
Large (8 player)
Population
200
Speed
Normal
Resources
Standard
Victory
Conquest
Starting age
Dark Age
Ending age
Imperial Age
RankedLock teamsTeams togetherTeam positionsShared explorationLock speedFull tech treeHidden civsTurbo modeCheats
Victory
Defeat
🇫🇷 Jurchens · France
1605
+16
🇫🇷 Vikings · France
1546
+19
🇫🇷 Britons · France
1487
+21
🇩🇪 Franks · Germany
1477
+21
🇹🇷 Teutons · Türkiye
1632
-21
🇪🇨 Mongols · Ecuador
1597
-19
🇲🇽 Franks · Mexico
1596
-19
🇹🇷 Magyars · Türkiye
1574
-18
AZT3K_MASIVESOUL
7:11 Loom
9:23 Feudal Age
9:52 Double-Bit Axe
17:22 Wheelbarrow
imenek
5:51 Loom
8:54 Feudal Age
9:56 Double-Bit Axe
15:35 Town Watch
20:46 Scale Barding Armor
22:06 Bloodlines
26:39 Castle Age
26:37 Horse Collar
[SotC] Gandalf
6:15 Loom
8:26 Feudal Age
15:47 Fletching
17:50 Double-Bit Axe
19:00 Padded Archer Armor
20:48 Wheelbarrow
24:53 Castle Age
25:25 Town Watch
25:06 Crossbowman
25:42 Bodkin Arrow
25:59 Bow Saw
AVCI
6:28 Loom
8:45 Feudal Age
18:24 Double-Bit Axe
18:50 Horse Collar
24:48 Castle Age
24:00 Scale Barding Armor
25:10 Bloodlines
26:27 Chain Barding Armor
27:47 Bow Saw
tony le gros rou
6:46 Loom
9:46 Feudal Age
16:51 Fletching
25:33 Castle Age
24:36 Double-Bit Axe
25:14 Gold Mining
25:31 Padded Archer Armor
25:42 Crossbowman
27:04 Bodkin Arrow
ccereal
6:06 Loom
8:49 Feudal Age
9:31 Double-Bit Axe
9:53 Town Watch
14:14 Fletching
22:28 Castle Age
21:26 Padded Archer Armor
22:35 Crossbowman
24:21 Bodkin Arrow
26:33 Ballistics
p0n0n0
5:59 Loom
8:50 Feudal Age
10:17 Double-Bit Axe
16:18 Scale Barding Armor
17:44 Forging
20:13 Wheelbarrow
23:43 Castle Age
24:59 Chain Barding Armor
24:50 Bow Saw
24:58 Hand Cart
25:35 Iron Casting
Frorok
6:37 Loom
6:50 Loom
9:20 Feudal Age
10:02 Double-Bit Axe
10:45 Horse Collar
13:47 Loom
16:31 Forging
18:45 Scale Barding Armor
20:15 Wheelbarrow
20:39 Bloodlines
22:16 Town Watch
26:52 Castle Age
26:56 Light Cavalry
28:13 Iron Casting
Connection lost

Rejoining the realm…

Still unreachable

The connection could not be restored.

Session expired

The server has moved on; the page needs a fresh start.